 Dungeon Crawl Stone Soup version 0.16-a0-3911-g06eb01e (webtiles) character file.

85 timbw the Chiller (level 4, -4/27 HPs)
             Began as a High Elf Ice Elementalist on Feb 3, 2015.
             Was an Initiate of Sif Muna.
             Slain by Pikel
             ... wielding a +2 whip of freezing
              (9 damage)
             ... on level 4 of the Dungeon.
             The game lasted 00:06:58 (1337 turns).

timbw the Chiller (High Elf Ice Elementalist)       Turns: 1337, Time: 00:06:58

Health: -4/27      AC:  3    Str:  7    XL:     4   Next: 25%
Magic:  13/13      EV: 12    Int: 19    God:    Sif Muna [......]
Gold:   76         SH:  0    Dex: 16    Spells: 3 memorised, 3 levels left

rFire  . . .     SeeInvis .     w - +2 dagger (venom)
rCold  . . .     Clarity  .     k - +0 leather armour
rNeg   . . .     SustAb   .     (no shield)
rPois  .         Gourm    .     (no helmet)
rElec  .         Spirit   .     (no cloak)
rCorr  .         Warding  .     (no gloves)
rMut   .         Stasis   .     (no boots)
MR     .....                    (no amulet)
Stlth  +++.......               (no ring)
                                g - ring of stealth

@: not resistant to hostile enchantments, fairly stealthy
A: no striking features
a: Renounce Religion


You were on level 4 of the Dungeon.
You worshipped Sif Muna.
Sif Muna was noncommittal.
You were not hungry.

You visited 1 branch of the dungeon, and saw 6 of its levels.

You collected 76 gold pieces.

Inventory:

Hand weapons
 d - a +0 club
 n - a +0 spear
 w - a +2 dagger of venom (weapon)
Armour
 a - a +0 robe
 k - a +0 leather armour (worn)
Jewellery
 g - a ring of stealth (left hand)
Scrolls
 i - a scroll of magic mapping {unknown}
 j - a scroll of recharging {unknown}
 l - a scroll of enchant weapon {unknown}
 o - a scroll of remove curse {unknown}
 r - a scroll of fear
 s - 2 scrolls of identify {unknown}
 x - a scroll of enchant armour {unknown}
Potions
 e - a potion of curing {unknown}
 f - a potion of agility {unknown}
 m - a potion of brilliance {unknown}
 p - a potion of magic {unknown}
 t - a potion of haste {unknown}
 u - a potion of beneficial mutation {unknown}
 v - a potion of might {unknown}
Books
 b - a book of Frost

   Spells                             Type                      Level
   a - Freeze                         Ice                          1
   b - Throw Frost                    Conjuration/Ice              2
   c - Ozocubu's Armour               Charms/Ice                   3
   d - Throw Icicle                   Conjuration/Ice              4
   e - Summon Ice Beast               Ice/Summoning                4
   f - Condensation Shield            Ice                          4
Comestibles
 c - 3 bread rations
 h - a slice of pizza
 q - a beef jerky


   Skills:
 - Level 2.1 Dodging
 - Level 2.1 Stealth
 + Level 3.8 Spellcasting
 + Level 2.0 Conjurations
 + Level 4.0 Ice Magic


You had 3 spell levels left.
You knew the following spells:

 Your Spells              Type           Power        Failure   Level  Hunger
a - Freeze                Ice            ###.         6%          1    None
b - Throw Frost           Conj/Ice       ###...       12%         2    ##.....
c - Throw Icicle          Conj/Ice       ###.....     75%         4    ####...


Dungeon Overview and Level Annotations

Branches:
Dungeon (6/15)
 Temple: D:4-7

Altars:
Dithmenos
Elyvilon
Nemelex Xobeh
Sif Muna
Trog
Yredelemnul

Annotations:
D:4 Pikel


Message History

Things that are here:
a short sword; a kobold corpse You see here an animal skin.
Pikel drinks a potion.
Pikel goes berserk!
Drink which item? (? for menu, Esc to quit)
Okay, then.
You aren't carrying any items that can be evoked without being wielded.
Read which item? (? for menu, Esc to quit)
Okay, then.
Drink which item? (? for menu, Esc to quit)
Okay, then.
Pikel rages.
You see here an animal skin.
Pikel hits you with a whip of freezing.
* * * LOW HITPOINT WARNING * * *
Pikel freezes you.
* * * LOW HITPOINT WARNING * * *
You hear a shout!
Pikel hits you with a whip of freezing!
You die...

#.#.#####g#######. ##.#######....
#...gg............ .............
..#######.###########.####.##.###
..#<# #.#...........####+##..#
..#.#####.# #....)........(....##
.......####.############(.......#
....#### ...###......'.........
....# #..##.#####......#.# .....#
##+####@#.# #......#..
....+............K.# #......##.
.....### ##+######.# #......# .
....... .........[.# #......# #
....##.# ##+####.### #......#
....# #..##.##..## #.... ....#
#...)[### . .. ###.### #.#


You could see Pikel (berserk).

Vanquished Creatures
  2 slaves (D:4)
  An adder (D:3)
  4 gnolls
  2 worms
  2 giant geckos
  2 orcs
  3 bats
  A bat skeleton (D:4)
  2 giant cockroaches (D:2)
  2 goblins
  6 kobolds
  2 rats (D:1)
29 creatures vanquished.

Notes
Turn   | Place    | Note
--------------------------------------------------------------
     0 | D:1      | timbw, the High Elf Ice Elementalist, began the quest for the Orb.
     0 | D:1      | Reached XP level 1. HP: 11/11 MP: 4/4
   164 | D:2      | Found a shadowy altar of Dithmenos.
   203 | D:2      | Reached XP level 2. HP: 1/17 MP: 1/6
   373 | D:2      | Found a deep blue altar of Sif Muna.
   377 | D:2      | Found a white marble altar of Elyvilon.
   377 | D:2      | Found a basalt altar of Yredelemnul.
   378 | D:2      | Found a sparkling altar of Nemelex Xobeh.
   385 | D:2      | Became a worshipper of Sif Muna the Loreminder
   602 | D:3      | You fall through a shaft!
   602 | D:5      | Entered Level 5 of the Dungeon
   723 | D:5      | Reached XP level 3. HP: 19/21 MP: 8/10
   760 | D:6      | Learned a level 2 spell: Throw Frost
   796 | D:5      | Noticed a sky beast
   999 | D:4      | Found a bloodstained altar of Trog.
  1036 | D:4      | Reached XP level 4. HP: 14/27 MP: 10/13
  1048 | D:4      | Learned a level 4 spell: Throw Icicle
  1053 | D:4      | Reached skill level 4 in Ice Magic
  1128 | D:4      | Noticed Pikel
  1128 | D:4      | Noticed a slave
  1128 | D:4      | Noticed a slave
  1140 | D:4      | Killed a slave
  1279 | D:4      | Killed a slave
  1330 | D:4      | Noticed a slave
  1337 | D:4      | Slain by Pikel

Action                   |  1- 3 |  4- 6 || total
-------------------------+-------+-------++-------
Melee: Unarmed           |     1 |       ||     1
       Spear             |    53 |       ||    53
       Club              |     3 |       ||     3
       Dagger            |       |     4 ||     4
 Cast: Freeze            |    33 |    12 ||    45
       Throw Frost       |     6 |       ||     6
  Use: Scroll            |       |     1 ||     1
 Stab: Sleeping          |     2 |       ||     2
  Eat: Chunk             |     1 |       ||     1
       Pizza             |       |     1 ||     1
